 Dungeon Crawl Stone Soup version 0.25-a0-292-gaa31f046c4 (webtiles) character file.

Game seed: 10543039448751838744, levelgen mode: deterministic

1831 MrRokkomies the Fighter (level 9, -8/77 HPs)
             Began as a Gnoll Wanderer on Dec 15, 2019.
             Was a Follower of Sif Muna.
             Mangled by an ogre
             ... wielding a +0 giant club
              (11 damage)
             ... on level 8 of the Dungeon.
             The game lasted 00:17:23 (6218 turns).

MrRokkomies the Fighter (Gnoll Wanderer)            Turns: 6218, Time: 00:17:23

Health: -8/77      AC:  6    Str: 19    XL:     9   Next: 11%
Magic:  27/27      EV: 13    Int: 22    God:    Sif Muna [*.....]
Gold:   167        SH:  0    Dex: 11    Spells: 16/20 levels left

rFire    . . .     SeeInvis .   a - +0 glaive
rCold    . . .     Gourm    .   (shield currently unavailable)
rNeg     . . .     Faith    .   r - +1 robe {MR+}
rPois    .         Spirit   .   h - +0 helmet
rElec    .         Reflect  .   t - +0 cloak
rCorr    .         Harm     .   k - +0 pair of gloves (curse)
MR       +....                  (no boots)
Stlth    +++.......             (no amulet)
HPRegen  0.22/turn              u - ring of magical power
MPRegen  0.20/turn              (no ring)

@: mighty, lethally poisoned (-8 -> -12)
A: distributed training, fangs 1, strong nose
a: Channel Magic, Renounce Religion


You were on level 8 of the Dungeon.
You worshipped Sif Muna.
Sif Muna was aware of your devotion.
You were not hungry.

You visited 2 branches of the dungeon, and saw 9 of its levels.

You collected 167 gold pieces.

Inventory:

Hand Weapons
 a - a +0 glaive (weapon)
 b - a +0 shortbow
 q - a +2 dagger
Missiles
 g - a curare-tipped dart
 l - 49 arrows
 o - 34 bolts
 w - 3 poisoned darts (quivered)
Armour
 h - a +0 helmet (worn)
 k - a cursed +0 pair of gloves (worn)
 r - a +1 robe of magic resistance (worn)
 t - a +0 cloak (worn)
Jewellery
 u - a ring of magical power (left hand)
 z - an uncursed ring of magical power
Wands
 s - a wand of random effects (10)
 v - a wand of disintegration (24)
 y - a wand of iceblast (7)
Scrolls
 d - 3 scrolls of remove curse
 n - 2 scrolls of magic mapping
Potions
 c - a potion of curing
 e - 2 potions of flight
 j - 3 potions of cancellation
 m - a potion of brilliance {unknown}
 p - a potion of agility {unknown}
Comestibles
 f - 7 rations


   Skills:
 + Level 9.4 Fighting
 + Level 3.8 Short Blades
 + Level 3.8 Long Blades
 + Level 3.8 Axes
 + Level 3.8 Maces & Flails
 + Level 4.7 Polearms
 + Level 3.8 Staves
 + Level 3.8 Slings
 + Level 3.8 Bows
 + Level 3.8 Crossbows
 + Level 4.7 Throwing
 + Level 3.8 Armour
 + Level 3.8 Dodging
 + Level 4.5 Stealth
 + Level 3.8 Shields
 + Level 3.8 Unarmed Combat
 + Level 6.3 Spellcasting
 + Level 3.1 Conjurations
 + Level 3.1 Hexes
 + Level 3.1 Charms
 + Level 3.1 Summonings
 + Level 3.1 Necromancy
 + Level 3.1 Translocations
 + Level 3.1 Transmutations
 + Level 3.9 Fire Magic
 + Level 3.1 Ice Magic
 + Level 3.1 Air Magic
 + Level 3.1 Earth Magic
 + Level 3.1 Poison Magic
 + Level 4.2 Invocations
 + Level 3.8 Evocations


You had 16 spell levels left.
You knew the following spells:

 Your Spells              Type           Power        Failure   Level  Hunger
a - Sting                 Tmut/Pois      ###.         2%          1    None
b - Dazzling Flash        Conj/Hex       ###...       7%          3    #......

Your spell library contained the following spells:

 Spells                   Type           Power        Failure   Level  Hunger
 Corona                   Hex            ###....      2%          1    None
 Ensorcelled Hibernation  Hex/Ice        ###...       3%          2    None
 Confuse                  Hex            ###.....     7%          3    #......
 Spider Form              Tmut/Pois      ###.......   7%          3    #......
 Tukima's Dance           Hex            ###.....     7%          3    #......


Dungeon Overview and Level Annotations

Branches:
Dungeon (8/15)             Temple (1/1) D:5
   Lair: D:8-11

Altars:
Ashenzari
Cheibriados
Dithmenos
Fedhas
Gozag
Hepliaklqana
Kikubaaqudgha
Makhleb
Nemelex Xobeh
Okawaru
Qazlal
Ru
Sif Muna
Trog
Uskayaw
Vehumet
Wu Jian
Yredelemnul
Zin
The Shining One

Shops:
D:6 =

Annotations:
D:3 Grinder
D:5 2 runed translucent doors, Jindul's ghost, novice OpFi


Innate Abilities, Weirdness & Mutations

Your experience applies equally to all skills.
You have very sharp teeth.
Your uncanny sense of smell can sniff out nearby items.


Message History

You are too injured to fight recklessly!
You are too injured to fight recklessly!
You are too injured to fight recklessly!
You are too injured to fight recklessly!
You slash the water moccasin!
You kill the water moccasin!
Sif Muna accepts your kill.
You feel sick.
The kobold throws a stone.
The stone hits you. The ogre hits you with a +0 giant club!
You barely miss the ogre.
You feel sick. The ogre hits you with a +0 giant club.
* * * LOW HITPOINT WARNING * * *
You closely miss the ogre.
You feel sick. The ogre hits you with a +0 giant club!
* * * LOW HITPOINT WARNING * * *
You barely miss the ogre. You bite the ogre.
The ogre is lightly wounded.
* * * LOW HITPOINT WARNING * * *
You feel sick. The ogre hits you with a +0 giant club!
You die...

∆ ∆ ∆ #######
#....<# #@#####
#O#
....o.KKK......
.....oKKK...#.#
......(.....O..
..............#
...............
∆
..............#
..............#


You could see a big kobold, an ogre, an orc and 5 kobolds.

Vanquished Creatures
  Prince Ribbit (D:6)
  A water moccasin (D:8)
  2 ice beasts
  A sky beast (D:5)
  3 ogres
  A centaur (D:5)
  A wyvern zombie (D:7)
  2 scorpions
  4 howler monkeys
  A crimson imp (D:5)
  A bullfrog zombie (D:5)
  An orc priest (D:7)
  Crazy Yiuf (D:2)
  A hound (D:5)
  2 orc wizards (D:6)
  2 centaur skeletons
  Jessica (D:3)
  2 worker ants (D:6)
  A hound skeleton (D:6)
  8 gnolls
  8 adders
  A shadow imp (D:7)
  3 worms
  4 dart slugs
  A leopard gecko (D:7)
  15 orcs
  5 giant cockroaches
  6 goblins
  3 hobgoblins
  8 jackals
  4 quokkas
  2 ball pythons
  6 bats
  8 frilled lizards
  7 kobolds
  4 rats
122 creatures vanquished.

Notes
Turn   | Place    | Note
-------+----------+-------------------------------------------
     0 | D:1      | MrRokkomies the Gnoll Wanderer began the quest for the Orb.
     0 | D:1      | MrRokkomies set off with the following items: a +2 dagger,
                  | 3 curare-tipped darts, a potion of curing, a +0 robe, a
                  | ration; and the following spell memorised: Sting; and the
                  | following spells available to memorise: Spider Form
     0 | D:1      | Reached XP level 1. HP: 26/26 MP: 6/6
    19 | D:1      | Reached XP level 2. HP: 27/33 MP: 7/7
   328 | D:1      | Reached XP level 3. HP: 38/38 MP: 9/9
   387 | D:1      | Reached skill level 5 in Spellcasting
   687 | D:2      | Reached skill level 1 in Invocations
   756 | D:2      | Reached skill level 1 in Short Blades
   756 | D:2      | Reached skill level 1 in Long Blades
   756 | D:2      | Reached skill level 1 in Axes
   756 | D:2      | Reached skill level 1 in Maces & Flails
   756 | D:2      | Reached skill level 1 in Staves
   756 | D:2      | Reached skill level 1 in Slings
   756 | D:2      | Reached skill level 1 in Bows
   756 | D:2      | Reached skill level 1 in Crossbows
   756 | D:2      | Reached skill level 1 in Armour
   756 | D:2      | Reached skill level 1 in Dodging
   756 | D:2      | Reached skill level 1 in Shields
   756 | D:2      | Reached skill level 1 in Unarmed Combat
   756 | D:2      | Reached skill level 1 in Evocations
   756 | D:2      | Reached XP level 4. HP: 27/45 MP: 8/11
  1303 | D:2      | Found a runed translucent door.
  1304 | D:2      | Noticed Crazy Yiuf
  1317 | D:2      | Killed Crazy Yiuf
  1317 | D:2      | Reached skill level 1 in Conjurations
  1317 | D:2      | Reached skill level 1 in Hexes
  1317 | D:2      | Reached skill level 1 in Charms
  1317 | D:2      | Reached skill level 1 in Summonings
  1317 | D:2      | Reached skill level 1 in Necromancy
  1317 | D:2      | Reached skill level 1 in Translocations
  1317 | D:2      | Reached skill level 1 in Transmutations
  1317 | D:2      | Reached skill level 1 in Ice Magic
  1317 | D:2      | Reached skill level 1 in Air Magic
  1317 | D:2      | Reached skill level 1 in Earth Magic
  1317 | D:2      | Reached skill level 1 in Poison Magic
  1396 | D:2      | Reached XP level 5. HP: 29/51 MP: 12/12
  1903 | D:3      | Noticed Jessica
  1907 | D:3      | Killed Jessica
  1981 | D:3      | Noticed Grinder
  2049 | D:3      | You fall into a shaft and drop 3 floors!
  2148 | D:6      | Found Pompeon's Jewellery Boutique.
  2158 | D:6      | Reached XP level 6. HP: 57/57 MP: 13/13
  2288 | D:5      | Entered Level 5 of the Dungeon
  2333 | D:5      | Reached XP level 7. HP: 49/63 MP: 15/15
  2364 | D:4      | You fall into a shaft and drop 1 floor!
  2366 | D:5      | Found a runed translucent door.
  2396 | D:5      | Noticed Jindul's ghost (novice OpFi)
  2405 | D:5      | Found a staircase to the Ecumenical Temple.
  2417 | D:5      | Reached skill level 9 in Fighting
  2426 | Temple   | Entered the Ecumenical Temple
  2723 | Temple   | Became a worshipper of Sif Muna the Loreminder
  2871 | D:5      | Reached XP level 8. HP: 42/71 MP: 16/16
  3255 | D:5      | Found a runed translucent door.
  3417 | D:5      | Found a glowing golden altar of the Shining One.
  3520 | D:5      | Found a snail-covered altar of Cheibriados.
  4036 | D:6      | Noticed Prince Ribbit
  4054 | D:6      | Killed Prince Ribbit
  4054 | D:6      | Reached * piety under Sif Muna
  4655 | D:6      | Found an ancient bone altar of Kikubaaqudgha.
  4657 | D:6      | Found a stormy altar of Qazlal.
  5563 | D:7      | Reached XP level 9. HP: 60/76 MP: 18/18
  5568 | D:7      | Learned a level 3 spell: Dazzling Flash
  5623 | D:7      | Noticed a white ugly thing
  6218 | D:8      | HP: 3/77 [poisoned by a water moccasin]
  6218 | D:8      | Mangled by an ogre

Levels and vault maps discovered:
D:1:      lightli_arrival_maybe_door_vault, layout_rooms
D:2:      layout_basic, kennysheep_generic_room_7, uniq_crazy_yiuf_cottage
D:3:      layout_rooms, uniq_robin, uniq_grinder, uniq_jessica
D:4:      layout_basic, first_ration
D:5:      layout_basic, lemuel_doored_altar, minmay_temple_entry_sparse_star,
          ebering_ghost_sewer_f, tso_altar
D:6:      layout_layer_cave, gammafunk_temple_overflow_pools, serial_shops,
          nicolae_shop_waterfront, serial_park_tiny_pond, uniq_prince_ribbit1
D:7:      minmay_general_purpose_star, layout_gridville, minmay_microvault
D:8:      layout_basic, ebering_ghost_reflecting_pool, uniq_erica
Temple:   minmay_temple_bridge_d

Skill      XL: |  1  2  3  4  5  6  7  8 |
---------------+-------------------------+-----
Fire Magic     | 2 3 |  3.9
Spellcasting   | 5 6 |  6.3
Invocations    | 1 2 3 4 |  4.2
Short Blades   | 1 2 3 |  3.8
Long Blades    | 1 2 3 |  3.8
Axes           | 1 2 3 |  3.8
Maces & Flails | 1 2 3 |  3.8
Staves         | 1 2 3 |  3.8
Slings         | 1 2 3 |  3.8
Bows           | 1 2 3 |  3.8
Crossbows      | 1 2 3 |  3.8
Armour         | 1 2 3 |  3.8
Dodging        | 1 2 3 |  3.8
Shields        | 1 2 3 |  3.8
Unarmed Combat | 1 2 3 |  3.8
Evocations     | 1 2 3 |  3.8
Conjurations   | 1 2 3 |  3.1
Hexes          | 1 2 3 |  3.1
Charms         | 1 2 3 |  3.1
Summonings     | 1 2 3 |  3.1
Necromancy     | 1 2 3 |  3.1
Translocations | 1 2 3 |  3.1
Transmutations | 1 2 3 |  3.1
Ice Magic      | 1 2 3 |  3.1
Air Magic      | 1 2 3 |  3.1
Earth Magic    | 1 2 3 |  3.1
Poison Magic   | 1 2 3 |  3.1
Polearms       | 3 4 |  4.7
Throwing       | 3 4 |  4.7
Stealth        | 3 4 |  4.5
Fighting       | 9 |  9.4

Action                   |  1- 3 |  4- 6 |  7- 9 || total
-------------------------+-------+-------+-------++-------
Melee: Dagger            |    91 |    19 |       ||   110
       Bite              |    10 |    10 |    18 ||    38
       Scimitar          |       |    61 |   151 ||   212
       Punch             |       |     1 |     3 ||     4
       Glaive            |       |       |    59 ||    59
Throw: Dart              |     6 |    25 |    11 ||    42
 Cast: Sting             |     3 |     2 |     3 ||     8
       Dazzling Flash    |       |       |     2 ||     2
Evoke: Wand              |       |     3 |     2 ||     5
  Use: Scroll            |     1 |     4 |     5 ||    10
       Potion            |     1 |       |     4 ||     5
 Stab: Sleeping          |     2 |     2 |     7 ||    11
  Eat: Chunk             |       |     5 |    10 ||    15
       Ration            |       |       |     1 ||     1
Armor: Robe              |    32 |    17 |    50 ||    99
Dodge: Dodged            |    59 |    48 |   184 ||   291
       Rpst.: Scimitar   |       |    12 |    50 ||    62

Table legend:
 A = Non-vault XP
 B = Vault XP
 C = Vault XP percentage of total XP
 D = Non-vault monster count
 E = Vault monster count
 F = Vault count percentage of total count
                 A         B        C        D         E       F
            +---------+---------+-------+---------+---------+-------
      Total |    2229 |     388 |  14.8 |     114 |       8 |   6.6
            +---------+---------+-------+---------+---------+-------
        D:1 |      52 |       0 |   0.0 |      29 |       0 |   0.0
        D:2 |     124 |      44 |  26.2 |      25 |       2 |   7.4
        D:3 |      58 |      37 |  38.9 |       7 |       1 |  12.5
        D:4 |     122 |       0 |   0.0 |       1 |       0 |   0.0
        D:5 |     913 |       0 |   0.0 |      20 |       0 |   0.0
        D:6 |     325 |     277 |  46.0 |      16 |       1 |   5.9
        D:7 |     377 |      30 |   7.4 |      13 |       4 |  23.5
        D:8 |     258 |       0 |   0.0 |       3 |       0 |   0.0
            +---------+---------+-------+---------+---------+-------
